 Dungeon Crawl Stone Soup version 0.31.0-11-ge490571c62 (webtiles) character file.

Game seed: 11167036372105438007

1663779 mdonais the Cloud Mage (level 27, 189/189 HPs)
             Began as an Octopode Reaver on Feb 3, 2024.
             Was the Champion of Vehumet.
             Escaped with the Orb
             ... and 3 runes!
             The game lasted 05:47:14 (72532 turns).

mdonais the Cloud Mage (Octopode Reaver)           Turns: 72532, Time: 05:47:14

Health: 189/189    AC: 14    Str: 12    XL:     27
Magic:  54/54      EV: 22    Int: 45    God:    Vehumet [******]
Gold:   3184       SH: 20    Dex: 17    Spells: 13/62 levels left

rFire   + + +        a - staff of air
rCold   + . .        P - +5 kite shield {AC+3}
rNeg    + + +        f - +2 hat "Iseegh" {MP+9}
rPois   +            y - amulet of Vitality {RegenMP++ Regen++}
rElec   +            L - +6 ring of intelligence
rCorr   +            o - +4 ring of protection
SInv    +            W - +6 ring of intelligence
Will    ++++.        k - ring "Trusted Companion" {^Contam rF++ Will+ Str+4}
Stlth   +++          M - ring of Quffosk {rF+ rC+ rN+++ rCorr Str-5 Dex-4}
HPRegen 2.11/turn    Y - +6 ring of intelligence
MPRegen 1.14/turn    h - ring "Ublor" {rPois AC+4 Dex+3}
                     C - ring "Ruirr" {+Blink Will+ Dex+7 SInv Stlth-}

%: no passive effects
@: studying 6 skills
A: almost no armour, amphibious, 8 rings, camouflage 1, gelatinous body 1,
(nimble swimmer 1), tentacles, subdued magic 1
0: Orb of Zot
}: 3/15 runes: decaying, serpentine, silver
a: Renounce Religion, Evoke Blink


You escaped.
You worshipped Vehumet.
Vehumet was exalted by your worship.
You visited 10 branches of the dungeon, and saw 48 of its levels.
You visited 2 bazaars.
You also visited: Trove, Ossuary, Bailey, Gauntlet and Wizlab.

You collected 7062 gold pieces.
You spent 3878 gold pieces at shops.

Inventory:

Hand Weapons
 b - the +12 trident "Siupug" {pain, rElec Dex-2 SInv}
   (You found it on level 3 of the Vaults)

   Dex-2:     It affects your dexterity (-2).
   rElec:     It insulates you from electricity.
   SInv:      It lets you see invisible.
Missiles
 Z - 4 throwing nets {=!f}
Armour
 f - the +2 hat "Iseegh" (worn) {MP+9}
   (You found it in a treasure trove)

   MP+9:      It affects your magic capacity (+9).
 P - a +5 kite shield of protection (worn)
   (You acquired it in a bailey)
Magical Staves
 a - a staff of air (weapon)
   (You found it on level 5 of the Dungeon)
Jewellery
 h - the ring "Ublor" (on tentacle) {rPois AC+4 Dex+3}
   (You bought it in a shop on level 1 of the Elven Halls)

   [ring of protection]

   AC+4:      It affects your AC (+4).
   Dex+3:     It affects your dexterity (+3).
   rPois:     It protects you from poison
 k - the ring "Trusted Companion" (on tentacle) {^Contam rF++ Will+ Str+4}
   (You bought it in a shop on level 2 of the Orcish Mines)

   [ring of willpower]

   Str+4:     It affects your strength (+4).
   rF++:      It greatly protects you from fire.
   Will+:     It increases your willpower.
   ^Contam:   It causes magical contamination when unequipped.
 o - a +4 ring of protection (right tentacle)
   (You found it on level 3 of the Dungeon)
 u - a +4 ring of protection
   (You found it in a Gauntlet)
 x - the ring "Ciettaeq" {rPois rN+ rCorr SInv}
   (You took it off a deep elf master archer on level 3 of the Elven Halls)

   [ring of poison resistance]

   rPois:     It protects you from poison rN+: It protects you from negative
   energy.
   SInv:      It lets you see invisible.
   rCorr:     It protects you from acid and corrosion.
 y - the amulet of Vitality (around mantle) {RegenMP++ Regen++}
   (You took it off a deep elf death mage on level 3 of the Elven Halls)

   [amulet of magic regeneration]

   RegenMP:   It increases your rate of magic regeneration.
   Regen++:   It increases your rate of health regeneration.
 C - the ring "Ruirr" (on tentacle) {+Blink Will+ Dex+7 SInv Stlth-}
   (You found it on level 5 of the Vaults)

   [ring of willpower]

   Dex+7:     It affects your dexterity (+7).
   Will+:     It increases your willpower.
   SInv:      It lets you see invisible.
   +Blink:    It lets you blink.
   Stlth-:    It makes you less stealthy.
 E - the ring "Esistreocw" {rPois rC+ Will+}
   (You found it in a Gauntlet)

   [ring of poison resistance]

   rC+:       It protects you from cold.
   rPois:     It protects you from poison Will+: It increases your willpower.
 L - a +6 ring of intelligence (left tentacle)
   (You found it on level 15 of the Dungeon)
 M - the ring of Quffosk (on tentacle) {rF+ rC+ rN+++ rCorr Str-5 Dex-4}
   (You found it on level 5 of the Vaults)

   [ring of protection from cold]

   Str-5:     It affects your strength (-5).
   Dex-4:     It affects your dexterity (-4).
   rF+:       It protects you from fire.
   rC+:       It protects you from cold.
   rN+++:     It renders you almost immune to negative energy.
   rCorr:     It protects you from acid and corrosion.
 W - a +6 ring of intelligence (on tentacle)
   (You found it on level 2 of the Swamp)
 Y - a +6 ring of intelligence (on tentacle)
   (You bought it in a shop in a bazaar)
Wands
 D - a wand of digging (8)
   (You found it on level 2 of the Snake Pit)
 J - a wand of light (43) (quivered)
   (You found it on level 6 of the Dungeon)
Scrolls
 d - a scroll of acquirement
 n - 2 scrolls of revelation
 p - 8 scrolls of fog
 r - 5 scrolls of summoning
 A - 3 scrolls of fear
 B - 9 scrolls of blinking
 S - 4 scrolls of silence
 T - 10 scrolls of teleportation
Potions
 c - 5 potions of berserk rage
 e - a potion of ambrosia
 g - 5 potions of cancellation
 i - 15 potions of mutation
 j - 11 potions of might
 l - 4 potions of invisibility
 m - 11 potions of heal wounds
 w - 4 potions of magic
 z - 5 potions of resistance
 G - 9 potions of enlightenment
 H - 9 potions of haste
 O - 13 potions of brilliance
 Q - 32 potions of curing
Miscellaneous
 t - a phantom mirror
   (You found it on level 2 of the Vaults)
 F - a condenser vane
   (You found it on level 1 of the Vaults)
 N - a sack of spiders
   (You found it on level 1 of the Vaults)
 R - a lightning rod (4/4)
   (You found it in a Gauntlet)
 U - a phial of floods
   (You found it on level 5 of the Vaults)


   Skills:
 - Level 16.0 Fighting
 - Level 3.0 Short Blades
 - Level 2.0 Polearms
 - Level 16.0 Dodging
 - Level 17.0 Stealth
 - Level 18.0 Shields
 - Level 18.0 Spellcasting
 - Level 22.0 Conjurations
 - Level 9.0 Summonings
 - Level 3.0 Translocations
 - Level 16.0 Ice Magic
 + Level 24.0 Air Magic
 - Level 3.0 Evocations


You had 13 spell levels left.
You knew the following spells:

 Your Spells              Type           Power      Damage    Failure   Level
a - Arcjolt               Conj/Air       68%        1d78      0%          5
b - Conjure Ball Lightni  Conj/Air       68%        3x3d25    0%          6
c - Ozocubu's Refrigerat  Ice            48%        4d18      1%          7
d - Maxwell's Capacitive  Air            69%        ∞         1%          8
e - Chain Lightning       Conj/Air       68%        3d91      1%          9
f - Spellforged Servitor  Conj/Summ      47%        N/A       1%          7
g - Blink                 Tloc           100%       N/A       1%          2
h - Momentum Strike       Conj/Tloc      100%       3d10      0%          2
i - Ozocubu's Armour      Ice            97%        N/A       0%          3

Your spell library contained the following spells:

 Spells                   Type           Power      Damage    Failure   Level
 Freeze                   Ice            100%       1d10      0%          1
 Kiss of Death            Conj/Necr      100%       2d13      0%          1
 Magic Dart               Conj           100%       1d8       0%          1
 Shock                    Conj/Air       100%       1d9       0%          1
 Call Imp                 Summ           100%       N/A       0%          2
 Mercury Vapours          Alch/Air       100%       N/A       0%          2
 Static Discharge         Conj/Air       100%       3-8/arc   0%          2
 Frozen Ramparts          Ice            100%       1d16      0%          3
 Hailstorm                Conj/Ice       100%       3d16      0%          3
 Mephitic Cloud           Conj/Alch/Air  100%       N/A       0%          3
 Stone Arrow              Conj/Erth      100%       3d13      0%          3
 Summon Ice Beast         Ice/Summ       87%        N/A       0%          3
 Swiftness                Air            100%       N/A       0%          3
 Airstrike                Air            69%        2d(10-26) 0%          4
 Summon Lightning Spire   Summ/Air       100%       N/A       0%          4
 Freezing Cloud           Conj/Ice/Air   65%        6-21      0%          5
 Sandblast                Erth           62%        2d14      1%          1
 Cigotuvi's Dreadful Rot  Necr/Alch/Air  100%       N/A       1%          2
 Ensorcelled Hibernation  Hex/Ice        100%       N/A       1%          2
 Jinxbite                 Hex            62%        N/A       1%          2
 Lesser Beckoning         Tloc           100%       N/A       1%          2
 Sublimation of Blood     Necr           31%        N/A       1%          2
 Confusing Touch          Hex            31%        N/A       1%          3
 Fugue of the Fallen      Necr           31%        N/A       1%          3
 Gell's Gravitas          Tloc           51%        N/A       1%          3
 Passwall                 Erth           31%        N/A       1%          3
 Tukima's Dance           Hex            31%        N/A       1%          3
 Volatile Blastmotes      Fire/Tloc      82%        2d16      1%          3
 Brom's Barrelling Bould  Conj/Erth      82%        2d9       1%          4
 Fulminant Prism          Conj/Alch      41%        3d19      1%          4
 Ignite Poison            Fire/Alch      31%        N/A       1%          4
 Iskenderun's Mystic Bla  Conj/Tloc      87%        2d17      1%          4
 Manifold Assault         Tloc           51%        N/A       1%          4
 Passage of Golubria      Tloc           51%        N/A       1%          4
 Irradiate                Conj/Alch      41%        3d25      1%          5
 Metabolic Englaciation   Hex/Ice        36%        N/A       1%          5
 Silence                  Hex/Air        53%        N/A       1%          5
 Summon Forest            Summ/Tloc      32%        N/A       1%          5
 Starburst                Conj/Fire      41%        6d12      1%          6
 Summon Mana Viper        Hex/Summ       58%        N/A       2%          5
 Summon Cactus Giant      Summ           38%        N/A       2%          6
 Sculpt Simulacrum        Ice/Alch       36%        N/A       3%          6
 Anguish                  Hex/Necr       15%        N/A       7%          4
 Cause Fear               Hex            15%        N/A       7%          4
 Summon Hydra             Summ           38%        N/A       16%         7
 Lehudib's Crystal Spear  Conj/Erth      41%        10d10     16%         8
 Polar Vortex             Ice            48%        12d6*     28%         9
 Dispersal                Tloc           25%        N/A       32%         6
 Fire Storm               Conj/Fire      41%        8d10      89%         9
 Enfeeble                 Hex            15%        N/A       100%        7
 Discord                  Hex            15%        N/A       100%        8
 Disjunction              Tloc           25%        N/A       100%        8
 Shatter                  Erth           15%        3d15*     100%        9


Dungeon Overview and Level Annotations

Branches:
Dungeon (15/15)            Temple (1/1) D:6            Lair (5/5) D:10
  Swamp (4/4) Lair:3        Snake (4/4) Lair:3        Slime (0/5) Lair:5
    Orc (2/2) D:10            Elf (3/3) Orc:2        Vaults (5/5) D:13
  Crypt (0/3) Vaults:3     Depths (4/4) D:15            Zot (5/5) Depths:4
Ossuary (visited)          Bailey (visited)          WizLab (visited)
Gauntlet (visited)

Altars:
Ashenzari
Cheibriados
Dithmenos
Elyvilon
Fedhas
Gozag
Hepliaklqana
Kikubaaqudgha
Makhleb
Nemelex Xobeh
Okawaru
Qazlal
Ru
Sif Muna
Trog
Uskayaw
Vehumet
Wu Jian
Xom
Yredelemnul
Zin
The Shining One
Jiyva

Shops:
D:7 :   D:8 :   D:11 (   Orc:1 ?   Orc:2 =(*[   Elf:1 *=   Snake:2 *[
Snake:3 [*=?:   Vaults:3 *   Zot:5 *   Depths:4 *

Portals:
Hell: Depths:1 Depths:2 Depths:3 Depths:4
Abyss: Depths:1 Depths:3
Pandemonium: Depths:2
Ziggurat: Depths:2


Innate Abilities, Weirdness & Mutations

You cannot wear most types of armour.
You are amphibious.
You can wear up to eight rings at the same time.
Your skin changes colour to match your surroundings (Stealth+).
Your rubbery body absorbs attacks. (AC +1, EV +1)
((You are camouflaged when in or above water. (Stealth+)))
You have tentacles for arms and can constrict up to eight enemies at once.
Your spells are a little easier to cast, but a little less powerful.


Message History

An unseen horror comes into view.
You regained 3 mp, and now have 53/54 mp.
You can't go up here!
Casting: Chain Lightning (dangerous; 1% risk of failure)
Confirm with . or Enter, or press ? or * to list all spells.
You feel a surge of power! Lightning arcs from your tentacles!
The bolt of lightning hits the unseen horror!!!
You kill the unseen horror!
Vehumet accepts your kill.
You feel your power returning.
You now have 46/54 mp.
You regained 2 mp, and now have 48/54 mp.
MP restored: 54
There is a stone staircase leading up here.
You climb upwards.
There is a stone staircase leading down here.
A hellwing comes into view.
Casting: Chain Lightning (dangerous; 1% risk of failure)
Confirm with . or Enter, or press ? or * to list all spells.
You feel a surge of power! Lightning arcs from your tentacles!
The bolt of lightning hits the hellwing!!!!
You kill the hellwing!
Vehumet accepts your kill.
You feel your power returning.
You now have 49/54 mp.
There is a shaft here.
You regained 2 mp, and now have 51/54 mp.
MP restored: 54
There is an escape hatch in the ceiling here.
A mysterious force pulls you upwards. The hatch slams shut behind you.
There is a stone staircase leading up here.
You climb upwards.
There is a stone staircase leading down here.
What level of the Dungeon? (default 10, ? - help)
There is an open door here.
An Ice Fiend comes into view.
Casting: Chain Lightning (dangerous; 1% risk of failure)
Confirm with . or Enter, or press ? or * to list all spells.
You feel a surge of power! Lightning arcs from your tentacles!
The bolt of lightning hits the Ice Fiend!!!
The Ice Fiend is heavily wounded.
You now have 46/54 mp.
Casting: Chain Lightning (dangerous; 1% risk of failure)
Confirm with . or Enter, or press ? or * to list all spells.
You feel a surge of power! Lightning arcs from your tentacles!
The bolt of lightning hits the Ice Fiend!!!!
You kill the Ice Fiend!
Vehumet accepts your kill.
You now have 38/54 mp.
What level of the Dungeon? (default 1, ? - help) Magic restored.
There is a stone staircase leading up here.
You climb upwards.
There is a stone staircase leading down here.
An Orb Guardian comes into view.
MP restored: 54
Casting: Chain Lightning (dangerous; 1% risk of failure)
Confirm with . or Enter, or press ? or * to list all spells.
You feel a surge of power! Lightning arcs from your tentacles!
The bolt of lightning hits the Orb Guardian!!!!
You kill the Orb Guardian!
Vehumet accepts your kill.
You feel your power returning. The bolt of lightning hits you! You resist.
Your Air Magic skill increases to level 24!
You take 14 damage, and have 175/189 hp.
You now have 50/54 mp.
What level of the Dungeon? (default 1, ? - help) Magic restored.
HP restored.
There is a stone staircase leading up here.
You climb upwards.
There is a stone staircase leading down here. 2 large abominations come into view.
An Executioner comes into view.
Health restored: 189; MP restored: 54 You feel yourself speed up.
The Executioner gives a hideous shriek!
You block the Executioner's attack. The Executioner closely misses you.
The Executioner barely misses you. x2; You block the Executioner's attack. x2
Casting: Chain Lightning (dangerous; 1% risk of failure)
Confirm with . or Enter, or press ? or * to list all spells.
You feel a surge of power! Lightning arcs from your tentacles!
The bolt of lightning hits the Executioner!!!!!
The Executioner resists.
You kill the Executioner!
Vehumet accepts your kill.
You feel your power returning. The bolt of lightning hits you! You resist.
The bolt of lightning hits the large abomination!!!!
You destroy the large abomination!
Vehumet accepts your kill.
You take 11 damage, and have 178/189 hp.
You now have 49/54 mp.
A large abomination comes into view.
You regained 2 hp, and now have 180/189 hp.
Casting: Chain Lightning (dangerous; 1% risk of failure)
Confirm with . or Enter, or press ? or * to list all spells.
You feel a surge of power! Lightning arcs from your tentacles!
The bolt of lightning hits the large abomination!!!!
You destroy the large abomination!
Vehumet accepts your kill.
The bolt of lightning hits the large abomination!!!
You destroy the large abomination!
Vehumet accepts your kill.
You feel your power returning. The bolt of lightning hits you! You resist.
You take 6 damage, and have 174/189 hp.
You now have 42/54 mp.
You regained 2 hp, and now have 176/189 hp.
You regained 2 hp, and now have 180/189 hp.
You regained 2 hp, and now have 184/189 hp.
There is a stone staircase leading up here.
You start resting.
HP restored.
Health restored: 189 You regained 2 mp, and now have 50/54 mp.
You start resting.
Magic restored.
MP restored: 54 You climb upwards.
There is a stone staircase leading down here.
There is a stone staircase leading up here.
You climb upwards.
There is a stone staircase leading down here.
There is a stone staircase leading up here.
You climb upwards.
There is a stone staircase leading down here.
There is an escape hatch in the ceiling here.
You see here a +0 robe.
There is a stone staircase leading up here.
You climb upwards.
Your extra speed is starting to run out.
There is a stone staircase leading down here.
You feel yourself slow down.
You hear a grinding noise.
A lich comes into view.
You feel yourself speed up.
You hear a grinding noise.
Things that are here:
5 stones; a +0 whip
There is a stone staircase leading up here.
You climb upwards.
There is a stone staircase leading down here.
Unknown command.
There is a stone staircase leading up here.
You climb upwards.
There is a stone staircase leading down here.
Your extra speed is starting to run out.
You feel yourself slow down.
There is a large open door here.
There is a staircase leading out of the dungeon here.
There is a staircase leading out of the dungeon here.
You have escaped!

#.#.......P#######....#.#.#####.#
#.##.#.♣P.P# ##...#..........
#.##.#.♣...#♣#######...########.#
.........♣.#..'..###............#
#.#........#..#.PP###...####.....
.........[.####..♣####..# #.....
....##.P.P...#...♣#♣P#..# ###...
....#..♣.♣...'...P#P.'..# #...
....#.P......'..@♣#P.'..# ###.
....#......P.#P..P#♣P#..# #..
....##.....####..P####..#######.#
....##..♣P.#.P#.♣P###.........#.#
######...♣(#♣.'.P###...######...#
#.♣...#.#######...# #...###
#.P...### ##...#####+#'###
#.....#######...(#..........
#.#..###......##.#...÷......


There were no monsters in sight!

Vanquished Creatures
  Frederick (Vaults:3)
  6 dread liches
  Tiamat (Zot:2)
  3 ancient liches
  6 orbs of fire
  2 juggernauts
  Boris (thrice) (Depths:3 Vaults:5 D:15)
  the Lernaean hydra (Swamp:4)
  Vashnia (Snake:3)
  The ghost of handsome the Unseen, a veteran OpWn of Xom (Vaults:2)
  3 Killer Klowns (Zot:5)
  6 curse toes
  8 golden dragons
  Jory (Vaults:5)
  3 electric golems
  A bone dragon (Depths:4)
  The ghost of Smee the Bludgeoner, an adept MiFi of Okawaru (Snake:2)
  2 hellephants (Depths:2)
  A walking crystal tome (Depths:2)
  Mlioglotl (Snake:4)
  5 titans
  11 tentacled monstrosities
  An Ice Fiend (D:9)
  A moon troll (WizLab)
  27 Orb Guardians
  Asterion (Snake:4)
  A walking frostbound tome (Depths:2)
  5 deep elf blademasters
  6 sphinxes
  2 walking earthen tomes
  5 deep elf master archers
  8 quicksilver dragons
  8 tentacled starspawn (WizLab)
  Kirke (D:14)
  A walking divine tome (Depths:2)
  5 Executioners
  14 death cobs
  The ghost of Sagen the Devastator, an adept DrCj of Vehumet (Snake:2)
  8 shadow dragons
  3 thorn hunters
  12 storm dragons
  Aizul (Swamp:4)
  10 tengu reavers
  5 nagarajas
  Donald (Elf:2)
  8 protean progenitors
  7 draconian knights
  Roxanne (Snake:3)
  8 frost giants
  7 draconian monks
  The ghost of Kicir the Blocker, an adept GnFi of Okawaru (Snake:2)
  4 fire giants
  20 vault wardens
  The ghost of Romunoh the Fetichist, an adept SpBr of Gozag (Snake:2)
  5 draconian shifters
  2 fenstrider witches (Swamp:3)
  A ghost moth (Zot:5)
  4 deep elf sorcerers
  6 balrugs
  An iron dragon (Vaults:5)
  5 deep elf elementalists (Elf:3)
  7 draconian scorchers
  4 orc warlords
  5 draconian stormcallers
  21 ironbound preservers
  3 cacodemons (WizLab)
  8 draconian annihilators
  3 formless jellyfish
  5 spriggan defenders (Depths:2)
  2 ghouls (Swamp:4)
  4 ironbound thunderhulks
  36 very ugly things
  6 green draconians
  24 stone giants
  15 black draconians
  7 deep elf death magi
  7 deep elf demonologists
  3 deep elf annihilators
  5 vampire knights
  15 white draconians
  15 yellow draconians
  4 bunyips
  6 purple draconians
  8 war gargoyles
  Azrael (D:14)
  2 eleionomae
  3 spark wasps
  A minotaur (Gauntlet)
  9 red draconians
  4 dire elephants (Vaults:2)
  5 blizzard demons (Zot:3)
  8 ettins
  Josephine (Orc:2)
  A shambling mangrove (Swamp:3)
  5 fire dragons
  9 yaktaur captains
  5 deep elf high priests
  An entropy weaver (Vaults:1)
  14 great orbs of eyes
  3 ice dragons
  2 salamander tyrants (Snake:4)
  A ghost crab (Swamp:1)
  24 hydras
  A quicksilver dragon skeleton (Depths:3)
  10 ironbound frosthearts
  A jorogumo (Zot:2)
  10 centaur warriors
  5 rakshasas
  41 vault guards
  2 catoblepae
  7 two-headed ogres
  8 alligators
  5 spriggan air magi
  A peacekeeper (Vaults:1)
  An ogre mage (Orc:2)
  6 boulder beetles
  13 anacondas
  24 dancing weapons
  5 tengu warriors
  9 naga warriors
  18 death yaks
  4 hell hogs (Depths:2)
  5 deep troll shamans
  3 vampire magi
  9 deep troll earth magi
  2 occultists (Depths:1)
  5 orc high priests
  7 shock serpents
  7 naga sharpshooters
  3 hell knights
  2 shock serpents (shapeshifter)
  6 spriggan berserkers
  4 sun demons (D:13)
  17 deep elf knights
  2 soul eaters (Depths:2)
  5 skeletal warriors (D:13)
  2 wretched stars (WizLab)
  2 skysharks
  7 iron trolls
  3 salamander mystics (Snake:4)
  3 spriggan druids
  A shadow wraith (Vaults:1)
  A sixfirhy (Zot:2)
  A shadow demon (Depths:2)
  46 deep trolls
  6 goliath frogs
  7 arcanists
  A quicksilver dragon simulacrum (Depths:3)
  5 mana vipers
  An orange crystal statue (WizLab)
  2 flayed ghosts
  8 swamp dragons (Swamp:4)
  8 naga ritualists
  3 bog bodies
  A sun moth (shapeshifter) (D:13)
  6 phantasmal warriors (Vaults:5)
  6 deep elf archers
  6 glowing orange brains
  A harpy (shapeshifter) (Vaults:5)
  25 deep elf pyromancers
  21 deep elf zephyrmancers
  6 necromancers
  4 lindwurms
  19 ironbound convokers
  12 orc knights
  2 shining eyes (Depths:2)
  37 ugly things
  Pikel (D:8)
  An iron dragon zombie (Depths:3)
  9 manticores
  7 orc sorcerers
  3 will-o-the-wisps
  An oklob plant (Lair:4)
  5 cyclopes
  A fire giant zombie (Vaults:3)
  18 moths of wrath
  3 large abominations (D:7)
  14 salamanders
  18 elephants
  17 naga magi
  2 kobold blastminers (Orc:2)
  A stone giant skeleton (Vaults:3)
  5 guardian serpents
  28 black mambas
  5 gargoyles
  An apocalypse crab (Gauntlet)
  20 vault sentinels
  5 eyes of devastation
  A torpor snail (shapeshifter) (Depths:3)
  12 cane toads
  3 unseen horrors
  An unseen horror (shapeshifter) (D:13)
  4 rime drakes
  2 water nymphs (shapeshifter) (Vaults:5)
  An elf zombie (Vaults:3)
  Maggie (D:6)
  23 yaktaurs
  4 kobold demonologists
  A hellion (Depths:2)
  5 komodo dragons
  5 freezing wraiths
  4 tengu conjurers
  6 trolls
  A hellwing (D:11)
  A bloated husk (Swamp:1)
  3 merfolk (shapeshifter)
  11 hornets
  A wind drake (shapeshifter) (D:15)
  13 blink frogs
  7 tyrant leeches
  A wind drake (Zot:2)
  2 polar bears
  3 glass eyes (Zot:3)
  A jumping spider (shapeshifter) (Vaults:5)
  41 slime creatures
  An ettin skeleton (Vaults:3)
  2 shadows
  6 wyverns
  8 wraiths
  4 air elementals
  5 water elementals
  A yak (shapeshifter) (D:15)
  A vampire (Depths:4)
  A spriggan (shapeshifter) (Elf:3)
  14 spriggans
  A centaur simulacrum (D:15)
  Eustachio (D:4)
  10 golden eyes (WizLab)
  29 yaks
  3 basilisks
  7 fire elementals
  3 hogs (D:14)
  3 wargs
  12 vampire mosquitoes
  A chaos spawn (Depths:3)
  29 nagas
  A neqoxec (WizLab)
  Edmund (D:4)
  A swamp worm (shapeshifter) (Vaults:5)
  15 water moccasins
  An acid dragon (D:9)
  11 swamp worms
  5 hell hounds (D:14)
  10 swamp drakes (Swamp:4)
  5 black bears
  A sky beast (D:7)
  2 ice beasts
  4 ogres
  33 orc warriors
  20 wolves
  13 centaurs
  3 boggarts (Vaults:1)
  2 lemures (D:8)
  A phantom (D:4)
  A kobold brigand (D:7)
  6 bullfrogs
  A necrophage (Swamp:4)
  3 gnoll sergeants
  10 scorpions
  An earth elemental (Elf:1)
  14 wights
  3 killer bees (D:10)
  4 howler monkeys
  3 electric eels
  4 lava snakes
  A bombardier beetle (D:5)
  3 centaur zombies (Ossuary)
  5 human zombies
  5 jellies
  30 orc priests
  3 hounds
  An iguana (shapeshifter) (Depths:2)
  2 sleepcaps (D:5)
  6 iguanas
  34 orc wizards
  3 scorpion zombies (Ossuary)
  11 hell rats (Lair:3)
  3 mummies (Ossuary)
  20 gnolls
  9 adders
  A shadow imp (D:6)
  A white imp (D:6)
  4 ufetubi
  An adder zombie (Ossuary)
  A ribbon worm (D:2)
  A dart slug (D:2)
  73 orcs
  5 ball pythons
  2 bats
  4 endoplasms
  4 giant cockroaches (D:1)
  3 gnoll zombies (Ossuary)
  14 goblins
  22 hobgoblins
  4 jackals
  A ball python zombie (Ossuary)
  2 frilled lizards
  3 jackal zombies (Ossuary)
  14 kobolds
  An orc zombie (Ossuary)
  5 rats
  15 aspiring fleshes
  8 starspawn tentacles (WizLab)
2058 creatures vanquished.

Vanquished Creatures (collateral kills)
  A black mamba (Snake:4)
  9 ball lightnings
10 creatures vanquished.

Vanquished Creatures (others)
  A draconian shifter (Zot:1)
  177 ball lightnings
  12 foxfires
  8 starspawn tentacles (WizLab)
198 creatures vanquished.

Grand Total: 2266 creatures vanquished

Notes
Turn   | Place    | Note
-------+----------+-------------------------------------------
     0 | D:1      | mdonais the Octopode Reaver began the quest for the Orb.
     0 | D:1      | Reached XP level 1. HP: 14/14 MP: 3/3
    38 | D:1      | Reached skill level 1 in Stealth
   187 | D:1      | Reached XP level 2. HP: 19/19 MP: 5/5
   854 | D:2      | Reached XP level 3. HP: 19/25 MP: 6/6
   863 | D:2      | Learned a level 2 spell: Momentum Strike
  1263 | D:2      | Reached skill level 1 in Translocations
  1816 | D:3      | Reached XP level 4. HP: 30/30 MP: 7/7
  2067 | D:3      | Reached XP level 5. HP: 36/36 MP: 5/8
  2360 | D:3      | Reached XP level 6. HP: 42/42 MP: 4/9
  2630 | D:4      | Noticed Eustachio
  2678 | D:4      | Found a sparkling altar of Nemelex Xobeh.
  2837 | D:4      | Reached skill level 5 in Conjurations
  2867 | D:4      | Found the +15 Maxwell's patent armour {-Cast -Tele rElec
                  | Will+ rCorr}
  2932 | D:4      | Noticed Edmund
  3079 | D:4      | Reached XP level 7. HP: 39/46 MP: 9/11
  3174 | D:4      | Found a burning altar of Makhleb.
  3238 | D:4      | Learned a level 3 spell: Hailstorm
  3411 | D:5      | Entered Level 5 of the Dungeon
  3468 | D:5      | Reached skill level 1 in Ice Magic
  3479 | D:5      | Found a shimmering altar of Xom.
  3693 | D:5      | Found a glowing silver altar of Zin.
  3698 | D:5      | Found an ancient bone altar of Kikubaaqudgha.
  3735 | D:5      | Learned a level 3 spell: Frozen Ramparts
  3912 | D:5      | Found an ornate altar of the Wu Jian Council.
  4087 | D:5      | Reached XP level 8. HP: 27/52 MP: 3/13
  4394 | D:5      | Reached skill level 5 in Ice Magic
  4569 | D:6      | Identified the amulet "Uhyequ" {Acrobat Regen+ Dex+2}
  4747 | D:6      | Learned a level 2 spell: Blink
  4970 | D:6      | Found a staircase to the Ecumenical Temple.
  5021 | Temple   | Entered the Ecumenical Temple
  5069 | Temple   | Became a worshipper of Vehumet
  5215 | D:6      | Noticed Maggie
  5592 | D:7      | Found Lobbajul's Book Emporium.
  5609 | D:7      | Noticed a white ugly thing
  5625 | D:7      | Killed a white ugly thing
  5626 | D:7      | Reached XP level 9. HP: 28/58 MP: 15/15
  5721 | D:7      | Reached skill level 5 in Spellcasting
  5759 | D:7      | Reached * piety under Vehumet
  5759 | D:7      | Offered knowledge of Shock by Vehumet.
  5780 | D:7      | Found a sand-covered staircase.
  5790 | Ossuary  | Entered an ossuary
  5887 | Ossuary  | Reached skill level 5 in Fighting
  6123 | Ossuary  | Reached skill level 1 in Polearms
  6266 | Ossuary  | Reached ** piety under Vehumet
  6266 | Ossuary  | Offered knowledge of Scorch by Vehumet.
  6267 | Ossuary  | Reached skill level 1 in Air Magic
  6273 | Ossuary  | Learned a level 5 spell: Freezing Cloud
  6310 | Ossuary  | Reached skill level 2 in Air Magic
  6388 | Ossuary  | Reached skill level 3 in Air Magic
  6399 | Ossuary  | Reached XP level 10. HP: 66/66 MP: 17/17
  6835 | D:6      | Killed Maggie
  6836 | D:6      | Reached skill level 4 in Air Magic
  7051 | D:4      | Killed Eustachio
  7260 | D:4      | Killed Edmund
  7379 | D:7      | Found a hazy altar of Hepliaklqana.
  7516 | D:7      | Found a blossoming altar of Fedhas.
  8109 | D:8      | Reached skill level 5 in Air Magic
  8290 | D:8      | Noticed Pikel
  8295 | D:8      | Killed Pikel
  8330 | D:8      | Found Meotumudghi's Self-Published Books.
  8439 | D:8      | Offered knowledge of Dazzling Flash by Vehumet.
  9227 | D:9      | Found a shadowy altar of Dithmenos.
  9295 | D:9      | Reached *** piety under Vehumet
  9304 | D:9      | Reached skill level 6 in Air Magic
  9308 | D:9      | Killed an unseen horror
  9502 | D:9      | Found a hide-covered altar of Uskayaw.
  9514 | D:9      | Reached XP level 11. HP: 71/71 MP: 20/20
  9583 | D:9      | Found a shimmering blue altar of Sif Muna.
  9624 | D:9      | Found a sacrificial altar of Ru.
  9653 | D:9      | Reached skill level 1 in Shields
  9748 | D:9      | Identified the amulet of the Akabeko {Reflect rPois rC-
                  | Will+ Str+5 SH+5}
 10056 | D:10     | Entered Level 10 of the Dungeon
 10077 | D:10     | Found a flagged portal.
 10090 | Bailey   | Entered a bailey
 10214 | Bailey   | Offered knowledge of Mephitic Cloud by Vehumet.
 10220 | Bailey   | Learned a level 3 spell: Mephitic Cloud
 10432 | Bailey   | Noticed an orc knight
 10467 | Bailey   | Killed an orc knight
 10470 | Bailey   | Reached **** piety under Vehumet
 10475 | Bailey   | Noticed an orc knight
 10486 | Bailey   | Killed an orc knight
 10698 | Bailey   | Noticed an orc warlord
 10735 | Bailey   | Killed an orc warlord
 11023 | D:10     | Offered knowledge of Flame Wave by Vehumet.
 11199 | D:10     | Found a broken altar of Ashenzari.
 11489 | D:10     | Reached skill level 5 in Stealth
 11667 | D:10     | Found a staircase to the Lair.
 11767 | D:10     | Found a staircase to the Orcish Mines.
 12096 | Lair:1   | Entered Level 1 of the Lair of Beasts
 12236 | Lair:1   | Reached skill level 5 in Shields
 12293 | Lair:1   | Reached skill level 7 in Air Magic
 12293 | Lair:1   | Reached skill level 1 in Evocations
 12387 | Lair:1   | Reached XP level 12. HP: 79/79 MP: 22/22
 12459 | Lair:1   | Reached ***** piety under Vehumet
 12481 | Lair:1   | Reached skill level 8 in Air Magic
 12658 | Lair:1   | Offered knowledge of Eringya's Noxious Bog by Vehumet.
 12880 | Lair:1   | Reached skill level 9 in Air Magic
 13232 | Lair:2   | Noticed an eight-headed hydra
 13244 | Lair:2   | Killed an eight-headed hydra
 13511 | Lair:2   | Noticed a skyshark
 13518 | Lair:2   | Killed a skyshark
 13722 | Lair:2   | You are sucked into a shaft and drop 1 floor!
 14197 | Lair:2   | Acquired a +0 kite shield of protection
 14284 | Lair:3   | Found a staircase to the Snake Pit.
 14397 | Lair:3   | Reached XP level 13. HP: 86/86 MP: 25/25
 14418 | Lair:3   | Found a staircase to the Swamp.
 14418 | Lair:3   | Noticed an eleionoma
 14425 | Lair:3   | Killed an eleionoma
 15735 | Lair:4   | Reached skill level 10 in Shields
 15735 | Lair:4   | Reached skill level 10 in Conjurations
 16235 | Orc:1    | Entered Level 1 of the Orcish Mines
 16425 | Orc:1    | Found Fikhoc's Magic Scroll Shop.
 16433 | Orc:1    | Bought a scroll of blinking for 120 gold pieces
 16748 | Orc:2    | Entered Level 2 of the Orcish Mines
 16790 | Orc:2    | Found a flickering gateway to a bazaar.
 16848 | Bazaar   | Entered a bazaar
 16893 | Bazaar   | Found Heshoil's Jewellery Boutique.
 16893 | Bazaar   | Found Xupy's Book Boutique.
 16919 | Bazaar   | Found Xetomnad's Jewellery Shop.
 16968 | Bazaar   | Found Ojytufus's Book Boutique.
 17008 | Bazaar   | Bought a +6 ring of intelligence for 432 gold pieces
 17009 | Bazaar   | Bought a ring of willpower for 300 gold pieces
 17027 | Bazaar   | Bought a ring of poison resistance for 320 gold pieces
 17149 | Orc:2    | Reached skill level 10 in Ice Magic
 17155 | Orc:2    | Reached skill level 10 in Air Magic
 17159 | Orc:2    | Noticed Josephine
 17167 | Orc:2    | Offered knowledge of Ozocubu's Refrigeration by Vehumet.
 17176 | Orc:2    | Learned a level 7 spell: Ozocubu's Refrigeration
 17225 | Orc:2    | Killed Josephine
 17302 | Orc:2    | Found a staircase to the Elven Halls.
 17513 | Orc:1    | Reached skill level 5 in Dodging
 17689 | Orc:2    | Reached XP level 14. HP: 92/92 MP: 26/26
 17759 | Orc:2    | Noticed an orc warlord
 17771 | Orc:2    | Killed an orc warlord
 18473 | Orc:2    | Offered knowledge of Arcjolt by Vehumet.
 18485 | Orc:2    | Learned a level 5 spell: Arcjolt
 18869 | Orc:2    | Found Waits's General Store.
 18870 | Orc:2    | Found Rolyc's Jewellery Emporium.
 18872 | Orc:2    | Found Tucsuty's Antique Armour Shoppe.
 18872 | Orc:2    | Found Fixkia's Antique Weapon Shoppe.
 19095 | D:11     | Found Hipomum's Weapon Emporium.
 21619 | D:13     | Found a gate to the Vaults.
 21645 | D:13     | Reached skill level 11 in Air Magic
 21807 | D:13     | Reached XP level 15. HP: 72/97 MP: 28/28
 22266 | Orc:2    | Bought the ring "Trusted Companion" {^Contam rF++ Will+
                  | Str+4} for 836 gold pieces
 22450 | Lair:5   | Entered Level 5 of the Lair of Beasts
 22473 | Lair:5   | Reached skill level 10 in Spellcasting
 22535 | Lair:5   | Offered knowledge of Conjure Ball Lightning by Vehumet.
 22552 | Lair:5   | Learned a level 6 spell: Conjure Ball Lightning
 22565 | Lair:5   | Found a staircase to the Slime Pits.
 22629 | Lair:5   | Found a viscous altar of Jiyva.
 22700 | Lair:5   | Found a gate leading to a gauntlet.
 22749 | Gauntlet | Entered a Gauntlet
 22749 | Gauntlet | Found a transporter.
 22749 | Gauntlet | Found a transporter.
 22749 | Gauntlet | Found a runed translucent door.
 22755 | Gauntlet | Found a transporter.
 22767 | Gauntlet | Found a transporter.
 22785 | Gauntlet | Found a transporter.
 22785 | Gauntlet | Found a transporter.
 22785 | Gauntlet | Found a transporter.
 22787 | Gauntlet | Found a transporter.
 22787 | Gauntlet | Found a transporter.
 22802 | Gauntlet | Found a transporter.
 22815 | Gauntlet | Found a transporter.
 22828 | Gauntlet | Found a transporter.
 22839 | Gauntlet | Found a transporter.
 22855 | Gauntlet | Found the ring of Shadows {Umbra +Inv Stlth+}
 22864 | Gauntlet | Found a transporter.
 22872 | Gauntlet | Found a runed translucent door.
 23157 | Gauntlet | Identified the ring "Esistreocw" {rPois rC+ Will+}
 24467 | Lair:5   | Identified the +3 orcbow of Iguic {drain, rN+}
 24823 | D:13     | Found a bloodstained altar of Trog.
 25264 | D:13     | Reached XP level 16. HP: 105/105 MP: 30/30
 25707 | D:13     | Found a bloodstained altar of Trog.
 26035 | D:13     | Found a gate to the Vaults.
 26201 | D:14     | Noticed Azrael
 26204 | D:14     | Offered knowledge of Irradiate by Vehumet.
 26205 | D:14     | Killed Azrael
 26337 | D:14     | Found a glowing golden altar of the Shining One.
 26361 | D:14     | Reached ****** piety under Vehumet
 26361 | D:14     | Noticed Kirke
 26460 | D:14     | Killed Kirke
 27313 | D:15     | Entered Level 15 of the Dungeon
 27489 | D:15     | Reached skill level 12 in Air Magic
 27782 | D:15     | Found a staircase to the Depths.
 27876 | D:15     | Found a hide-covered altar of Uskayaw.
 28500 | Snake:1  | Entered Level 1 of the Snake Pit
 29607 | Snake:2  | Found Otoi's Neck Hole.
 29947 | Snake:2  | Noticed a nagaraja
 29951 | Snake:2  | Killed a nagaraja
 30078 | Snake:2  | Offered knowledge of Plasma Beam by Vehumet.
 30280 | Snake:2  | Found a runed translucent gate.
 30281 | Snake:2  | Found a runed translucent gate.
 30282 | Snake:2  | Found a runed translucent gate.
 30284 | Snake:2  | Noticed Romunoh's ghost (adept SpBr)
 30285 | Snake:2  | Noticed Sagen's ghost (adept DrCj)
 30285 | Snake:2  | Noticed Smee's ghost (adept MiFi)
 30285 | Snake:2  | Noticed Kicir's ghost (adept GnFi)
 30659 | Snake:2  | Found Sast's Antique Armour Boutique.
 30955 | Snake:3  | Found Namunk's Armour Emporium.
 30975 | Snake:3  | Reached skill level 10 in Fighting
 30978 | Snake:3  | Reached XP level 17. HP: 104/115 MP: 20/32
 31030 | Snake:3  | Noticed Vashnia
 31198 | Snake:3  | Noticed Roxanne
 31953 | Snake:3  | Killed Vashnia
 32255 | Snake:3  | Found Cococuun's Jewellery Shoppe.
 32258 | Snake:3  | Found Apnun's Book Emporium.
 32258 | Snake:3  | Found Vimanwen's Assorted Antiques.
 32265 | Snake:3  | Found Ciown's Magic Scroll Emporium.
 32748 | Snake:3  | Killed Roxanne
 33033 | Swamp:1  | Entered Level 1 of the Swamp
 33266 | Swamp:1  | Found a shadowy altar of Dithmenos.
 34528 | Swamp:3  | Offered knowledge of Spellforged Servitor by Vehumet.
 34586 | Swamp:3  | Learned a level 7 spell: Spellforged Servitor
 34681 | Swamp:3  | Reached skill level 10 in Stealth
 34681 | Swamp:3  | Reached XP level 18. HP: 122/122 MP: 33/33
 35141 | Swamp:3  | Reached skill level 1 in Summonings
 35371 | Swamp:4  | Entered Level 4 of the Swamp
 35461 | Swamp:4  | Identified the serpent talisman of Grottiness {rElec Str+3
                  | SInv Stlth-}
 35461 | Swamp:4  | Noticed Aizul
 35482 | Swamp:4  | Killed Aizul
 35753 | Swamp:4  | Noticed the 27-headed Lernaean hydra
 35841 | Swamp:4  | Killed the 27-headed Lernaean hydra
 35842 | Swamp:4  | Reached skill level 5 in Summonings
 35842 | Swamp:4  | Reached XP level 19. HP: 128/128 MP: 29/35
 36609 | Swamp:4  | Got a decaying rune of Zot
 37491 | Snake:4  | Entered Level 4 of the Snake Pit
 37831 | Snake:4  | Noticed Mlioglotl
 38133 | Snake:4  | Noticed Asterion
 38139 | Snake:4  | Killed Asterion
 38362 | Snake:4  | Killed Mlioglotl
 38478 | Snake:4  | Offered knowledge of Chain Lightning by Vehumet.
 38478 | Snake:4  | Offered knowledge of Polar Vortex by Vehumet.
 38478 | Snake:4  | Offered knowledge of Maxwell's Capacitive Coupling by
                  | Vehumet.
 38560 | Snake:4  | Learned a level 8 spell: Maxwell's Capacitive Coupling
 39228 | Snake:4  | Reached skill level 13 in Air Magic
 39720 | Snake:4  | Reached skill level 14 in Air Magic
 39930 | Snake:4  | Got a serpentine rune of Zot
 41177 | Vaults:1 | Entered Level 1 of the Vaults
 41608 | Vaults:1 | Identified the +3 mace of the Dungeon {flame, Str+5}
 41772 | Vaults:1 | Reached skill level 15 in Air Magic
 41772 | Vaults:1 | Reached XP level 20. HP: 135/135 MP: 28/36
 42421 | Vaults:1 | Reached skill level 16 in Air Magic
 42450 | Vaults:1 | Noticed a dread lich
 42533 | Vaults:1 | Got the Almanac of Energetic Grit
 43175 | Vaults:1 | Reached skill level 15 in Ice Magic
 43480 | Vaults:1 | Killed a dread lich
 43516 | Vaults:1 | Acquired the +2 hat "Riofiem" {rF- rN+ Int+5}
 44582 | Vaults:2 | Found a portal to a secret trove of treasure.
 44597 | Vaults:2 | You paid a toll of 6 scrolls of fear to enter a treasure
                  | trove
 44598 | Trove    | Entered a treasure trove
 44614 | Trove    | Found the sphere of Battle
 44618 | Trove    | Identified the +2 hat "Iseegh" {MP+9}
 44636 | Trove    | Identified the amulet of Nask {RegenMP Rampage +Blink rC-
                  | MP+9}
 44689 | Vaults:2 | Reached skill level 17 in Air Magic
 44689 | Vaults:2 | Reached XP level 21. HP: 140/140 MP: 37/37
 45368 | Vaults:2 | Found a runed translucent gate.
 45368 | Vaults:2 | Found a runed translucent gate.
 45368 | Vaults:2 | Found a runed translucent gate.
 45368 | Vaults:2 | Noticed handsome's ghost (veteran OpWn)
 45369 | Vaults:2 | Found the +2 cloak of the Thief {*Fog Slay-2 SInv Stlth+}
 45376 | Vaults:2 | Killed handsome's ghost
 45780 | Vaults:3 | Reached XP level 22. HP: 146/146 MP: 35/39
 45982 | Vaults:3 | Found a basalt altar of Yredelemnul.
 45984 | Vaults:3 | Found a staircase to the Crypt.
 45985 | Vaults:3 | Found an ancient bone altar of Kikubaaqudgha.
 46122 | Vaults:3 | Identified the orb "Qyhyikearch" {*channel, Int-3 SInv
                  | Hexes}
 46122 | Vaults:3 | Noticed Frederick
 46128 | Vaults:3 | Killed Frederick
 46129 | Vaults:3 | Reached skill level 15 in Conjurations
 46386 | Vaults:3 | Identified the +12 trident "Siupug" {pain, rElec Dex-2
                  | SInv}
 46481 | Vaults:3 | Found Afurun's General Store.
 46486 | Vaults:3 | Bought a potion of heal wounds for 80 gold pieces
 46486 | Vaults:3 | Bought a scroll of fear for 64 gold pieces
 46486 | Vaults:3 | Bought a potion of mutation for 128 gold pieces
 46921 | Vaults:3 | Reached skill level 15 in Stealth
 49685 | Elf:1    | Entered Level 1 of the Elven Halls
 49706 | Elf:1    | Found Kiebuifo's Jewellery Shop.
 49737 | Elf:1    | Found a magical portal.
 49747 | WizLab   | Entered Lehudib's Moon Base
 49913 | WizLab   | Found a transporter.
 50925 | WizLab   | Reached XP level 23. HP: 152/152 MP: 41/41
 51046 | WizLab   | Learned a level 9 spell: Chain Lightning
 51576 | WizLab   | Identified the amulet "Kaynlown" {Spirit Will+++ Str-2}
 51964 | WizLab   | Found a transporter.
 52092 | WizLab   | Gained mutation: Your spells are a little easier to cast,
                  | but a little less powerful. [a cacodemon]
 52738 | Elf:1    | Reached skill level 18 in Air Magic
 52865 | Elf:1    | Found Xuucogg's General Store.
 53043 | Elf:2    | Found a huge runed translucent gate.
 53043 | Elf:2    | Found a huge runed translucent gate.
 53043 | Elf:2    | Found a huge runed translucent gate.
 53043 | Elf:2    | Found a huge runed translucent gate.
 53044 | Elf:2    | Found a huge runed translucent gate.
 53188 | Elf:2    | Found a huge runed translucent gate.
 53188 | Elf:2    | Found a huge runed translucent gate.
 53188 | Elf:2    | Found a huge runed translucent gate.
 53189 | Elf:2    | Found a huge runed translucent gate.
 53189 | Elf:2    | Found a huge runed translucent gate.
 53189 | Elf:2    | Found a huge runed translucent gate.
 53189 | Elf:2    | Found a huge runed translucent gate.
 53190 | Elf:2    | Found a huge runed translucent gate.
 53190 | Elf:2    | Found a huge runed translucent gate.
 53190 | Elf:2    | Found a huge runed translucent gate.
 53190 | Elf:2    | Found a huge runed translucent gate.
 53191 | Elf:2    | Found a huge runed translucent gate.
 53191 | Elf:2    | Found a huge runed translucent gate.
 53192 | Elf:2    | Found a huge runed translucent gate.
 53193 | Elf:2    | Found a huge runed translucent gate.
 53193 | Elf:2    | Found a huge runed translucent gate.
 53276 | Elf:2    | Found a huge runed translucent gate.
 53281 | Elf:2    | Found a huge runed translucent gate.
 53282 | Elf:2    | Found a huge runed translucent gate.
 53283 | Elf:2    | Found a huge runed translucent gate.
 53283 | Elf:2    | Found a huge runed translucent gate.
 53298 | Elf:2    | Found a huge runed translucent gate.
 53305 | Elf:2    | Found a huge runed translucent gate.
 53305 | Elf:2    | Found a huge runed translucent gate.
 53308 | Elf:2    | Found a huge runed translucent gate.
 53308 | Elf:2    | Found a huge runed translucent gate.
 53308 | Elf:2    | Found a huge runed translucent gate.
 53309 | Elf:2    | Found a huge runed translucent gate.
 53310 | Elf:2    | Found a huge runed translucent gate.
 53311 | Elf:2    | Found a huge runed translucent gate.
 53598 | Elf:2    | Found a runed translucent gate.
 53598 | Elf:2    | Found a runed translucent gate.
 53609 | Elf:2    | Found a runed translucent gate.
 53676 | Elf:2    | Found a huge runed translucent gate.
 54695 | Elf:2    | Noticed Donald
 54985 | Elf:1    | Bought the ring "Ublor" {rPois AC+4 Dex+3} for 909 gold
                  | pieces
 55268 | Elf:2    | Killed Donald
 55990 | Elf:2    | Identified the +7 great sword of Rirphade {freeze, +Blink
                  | Will+ rCorr Int-4}
 56134 | Elf:3    | Entered Level 3 of the Elven Halls
 56939 | Elf:3    | Identified the ring "Ciettaeq" {rPois rN+ rCorr SInv}
 57078 | Elf:3    | Identified the ring "Qiceunuq" {+Blink rElec Str+6 Dex+3}
 57344 | Elf:3    | Identified the +7 chain mail of the Baker {Harm rPois rC++}
 57903 | Elf:3    | Identified the +6 long sword "Zuagate" {vamp, rPois Int+3}
 57903 | Elf:3    | Identified the ring of Vanity {rPois Int+2}
 57941 | Elf:3    | Identified the +7 halberd "Duxean" {freeze, rPois rF+
                  | Str+5}
 57941 | Elf:3    | Identified the +1 robe of Qazlal {rPois rC+ rCorr}
 57945 | Elf:3    | Reached XP level 24. HP: 157/157 MP: 41/41
 58071 | Elf:3    | Identified the +4 short sword "Meruako Ceim" {pain, Fly rN+
                  | Str+5 Dex-3}
 58100 | Elf:3    | Identified the +1 trident "Fonk" {flame, rC+ Int+3 Stlth+}
 58127 | Elf:3    | Got the Papyrus of Pathos
 58485 | Depths:1 | Entered Level 1 of the Depths
 58636 | Depths:1 | Reached skill level 15 in Spellcasting
 58996 | Depths:1 | Reached skill level 19 in Air Magic
 59274 | Depths:1 | Found a one-way gate to the infinite horrors of the Abyss.
 59283 | Depths:1 | Found a gateway to Hell.
 59482 | Depths:1 | Found a burning altar of Makhleb.
 59561 | Depths:2 | Found a one-way gateway to a ziggurat.
 59613 | Depths:2 | Found a blossoming altar of Fedhas.
 60005 | Depths:2 | Noticed a juggernaut
 60017 | Depths:2 | Killed a juggernaut
 60369 | Depths:2 | Found a one-way gate leading to the halls of Pandemonium.
 60518 | Depths:2 | Reached skill level 10 in Dodging
 60952 | Depths:2 | Identified the +8 quarterstaff of the Sun {freeze, rElec}
 61552 | Depths:3 | Noticed Boris
 61557 | Depths:3 | Killed Boris
 61559 | Depths:3 | HP: 4/163 [tengu reaver/bolt of acid (31)]
 61752 | Depths:3 | Reached XP level 25. HP: 169/169 MP: 42/42
 62284 | Depths:4 | Entered Level 4 of the Depths
 62336 | Depths:4 | Found Reups's Blood Bar.
 62377 | Depths:4 | Noticed a juggernaut
 62382 | Depths:4 | Killed a juggernaut
 62383 | Depths:4 | Reached skill level 20 in Air Magic
 62386 | Depths:4 | Found a flickering gateway to a bazaar.
 62396 | Bazaar   | Entered a bazaar
 62434 | Bazaar   | Found Dostryrgho's Armour Shoppe.
 62449 | Bazaar   | Found Nefe's Antique Armour Emporium.
 62465 | Bazaar   | Found Ynow's Antique Weapon Emporium.
 62505 | Bazaar   | Bought a glowing hat for 182 gold pieces
 62689 | Depths:4 | Found a gate to the Realm of Zot.
 63925 | Vaults:1 | Learned a level 3 spell: Ozocubu's Armour
 64060 | Orc:1    | Bought a scroll of blinking for 120 gold pieces
 64247 | Snake:3  | Bought a scroll of revelation for 112 gold pieces
 64253 | Snake:3  | Bought a scroll of silence for 275 gold pieces
 64290 | Snake:2  | Killed Romunoh's ghost
 64290 | Snake:2  | Killed Kicir's ghost
 64293 | Snake:2  | Killed Sagen's ghost
 64295 | Snake:2  | Killed Smee's ghost
 64680 | Vaults:5 | Entered Level 5 of the Vaults
 64698 | Vaults:5 | Noticed Jory
 64702 | Vaults:5 | Killed Jory
 64749 | Vaults:5 | Noticed an ancient lich
 64752 | Vaults:5 | Noticed a dread lich
 64752 | Vaults:5 | Noticed Boris
 64886 | Vaults:5 | Killed Boris
 64886 | Vaults:5 | Killed a dread lich
 64886 | Vaults:5 | Killed an ancient lich
 64887 | Vaults:5 | Reached XP level 26. HP: 130/175 MP: 43/43
 64906 | Vaults:5 | Identified the ring "Habluhen" {^Drain rPois Str+6 Dex+4
                  | Stlth+}
 64912 | Vaults:5 | Reached skill level 21 in Air Magic
 65153 | Vaults:5 | Identified the ring "Ruirr" {+Blink Will+ Dex+7 SInv
                  | Stlth-}
 65264 | Vaults:5 | Got the Precepts of Transposed Blows
 65375 | Vaults:5 | Identified the +7 hand axe of Qamuimila {drain, rC+ Dex+2}
 65585 | Vaults:5 | Noticed a dread lich
 65589 | Vaults:5 | Killed a dread lich
 65590 | Vaults:5 | Reached skill level 15 in Shields
 65728 | Vaults:5 | Identified the ring of Quffosk {rF+ rC+ rN+++ rCorr Str-5
                  | Dex-4}
 65731 | Vaults:5 | Identified the +4 sling of Iluaxt {heavy, rC+ Will+}
 65736 | Vaults:5 | Got a silver rune of Zot
 66317 | Zot:1    | Entered Level 1 of the Realm of Zot
 66320 | Zot:1    | You fall into a shaft and drop 1 floor!
 67132 | Zot:2    | Found the +4 dragonskin cloak
 67132 | Zot:2    | Noticed Tiamat
 67137 | Zot:2    | Killed Tiamat
 67268 | Zot:2    | Reached skill level 22 in Air Magic
 67890 | Zot:3    | Reached XP level 27. HP: 180/180 MP: 40/43
 68470 | Zot:3    | Reached skill level 15 in Dodging
 68750 | Zot:3    | Noticed an orb of fire
 68763 | Zot:3    | Killed an orb of fire
 69607 | Zot:4    | Reached skill level 15 in Fighting
 70134 | Zot:5    | Entered Level 5 of the Realm of Zot
 70169 | Zot:5    | Found Winkaiwi's CLEARANCE SALE!.
 70816 | Zot:5    | Noticed an ancient lich
 70825 | Zot:5    | Killed an ancient lich
 70898 | Zot:5    | Noticed an orb of fire
 70902 | Zot:5    | Killed an orb of fire
 71063 | Zot:5    | Noticed a dread lich
 71067 | Zot:5    | Killed a dread lich
 71070 | Zot:5    | Noticed an orb of fire
 71076 | Zot:5    | Killed an orb of fire
 71178 | Zot:5    | Noticed an orb of fire
 71181 | Zot:5    | Killed an orb of fire
 71196 | Zot:5    | Noticed an orb of fire
 71201 | Zot:5    | Killed an orb of fire
 71210 | Zot:5    | Noticed a dread lich
 71214 | Zot:5    | Killed a dread lich
 71443 | Zot:5    | Noticed an ancient lich
 71447 | Zot:5    | Killed an ancient lich
 71581 | Zot:5    | Reached skill level 23 in Air Magic
 71591 | Zot:5    | Noticed an orb of fire
 71595 | Zot:5    | Killed an orb of fire
 71684 | Zot:5    | Noticed a dread lich
 71689 | Zot:5    | Killed a dread lich
 71958 | Zot:5    | Got the Orb of Zot
 72125 | Depths:3 | Noticed Hobuderphano the pandemonium lord
 72201 | D:15     | Noticed Boris
 72205 | D:15     | Killed Boris
 72358 | D:8      | Reached skill level 24 in Air Magic
 72532 | D:$      | Escaped with the Orb!

Illustrated notes

Levels and vault maps discovered:
D:1:      denvon_arrival_planthouse, layout_basic
D:2:      layout_basic
D:3:      layout_basic
D:4:      layout_loops_ring, lightli_temple_of_fire,
          nemelex_diamond_rough_becter, uniq_edmund, uniq_crazy_yiuf_cottage,
          uniq_eustachio
D:5:      layout_gridville, mainiacjoe_overflow_paths, lemuel_round_altar,
          mainiacjoe_overflow_big_doors
D:6:      layout_loops_ring, minmay_temple_entry_wispy, uniq_maggie
D:7:      layout_cave_pools, lemuel_coloured_pillars_altar,
          mainiacjoe_overflow_24_doors, serial_shops, kennysheep_mini,
          enter_ossuary_2, minmay_manual_moon
D:8:      layout_layer_cave, nicolae_custom_books, uniq_pikel
D:9:      layout_grid_maze, mainiacjoe_overflow_alcove_2, jmf_multi_god_temple2,
          mainiacjoe_overflow_tiny_flanked
D:10:     layout_loops_corners, evilmike_ruin_ashenzari,
          grunt_lair_entry_orc_guard_hut, orc_0_dummy, enter_bailey_3
D:11:     layout_cave_pools, serial_shops, nicolae_stop_n_shop_1,
          hangedman_decor_push
D:12:     layout_roguey
D:13:     layout_roguey, lightli_vaults_fourway_checkpoint, minivault_25,
          trog_hazing_becter
D:14:     layout_small_grid, nicolae_tso_carved_into_rock,
          minmay_misc_feat_rows, uniq_kirke, uniq_azrael
D:15:     hangedman_depths_entry_try_elsewhere_first, layout_grid_maze,
          nicolae_uskayaw_murder_on_the_dancefloor, serial_bayou_lake_a
Temple:   hellmonk_temple_beads
Lair:1:   layout_gridlike, beast_lair_carwin_9, lemuel_fruit_tree
Lair:2:   layout_gridlike, grunt_megastairs_1
Lair:3:   layout_roguey, alex1729_swamp_entry_worm_eleionoma,
          nicolae_snake_entry_warm_welcome, grunt_megastairs_5
Lair:4:   layout_small_grid, grunt_megastairs_2
Lair:5:   grunt_lair_end_beastmaster, layout_cellular_growth,
          nicolae_slime_entry_field_trip, gauntlet_entry_generic
Swamp:1:  layout_falls_marsh, nicolae_swamp_godswood
Swamp:2:  layout_falls_marsh, serial_swamp_ruin, evilmike_swamp_ruin_rubble_2,
          evilmike_swamp_ruin_house_6, hangedman_swamp_ruin_wall, swamp_pool_1_2
Swamp:3:  layout_basic_swamp, evilmike_swamp_ruin_rubble_1, swamp_pool_1_2
Swamp:4:  swamp, layout_basic_swamp, nicolae_swamp_tree_isthmus, uniq_aizul
Snake:1:  layout_chambers
Snake:2:  layout_basic, gammafunk_ghost_cemetery, serial_shops, shop,
          nicolae_shop_sticking_my_neck_out, nicolae_triple_integral
Snake:3:  layout_misc_corridors, serial_shops, shop, st_stairs_13,
          minmay_shoptagon, uniq_roxanne, uniq_vashnia
Snake:4:  johnstein_snake_rune_scales, layout_layer_cave, uniq_asterion,
          uniq_mlioglotl
Orc:1:    layout_caves, serial_shops, shop
Orc:2:    st_orc_congregation, layout_diamond_mine, serial_shops,
          bzr_entry_dummy, uniq_josephine
Elf:1:    minmay_elf_arrival_circle, layout_rooms, mu_enter_wizlab_5,
          serial_shops, shop, kennysheep_underground_church,
          nicolae_take_the_stairs, hangedman_elven_ridges
Elf:2:    nicolae_elf_blades_splatter_lattice [nicolae_blade_entry_pointy_end],
          layout_gridlike, door_vault, uniq_donald
Elf:3:    elf_hall, layout_loops_cross
Vaults:1: nicolae_vaults_meiosis, nicolae_vaults_offset_grid_hallway_4,
          v_alt_pattern_3, nicolae_vaults_you_can_take_it_with_you, v_misc_28,
          vaults_room_grunt_arrival_ludios, hangedman_vaults_unwind,
          nicolae_vaults_frosty_reception, v_misc_15,
          nicolae_vaults_oval_intersection, nicolae_vaults_storage_room_doors,
          v_misc_28, nicolae_vaults_ring_of_whatevers, layout_vaults_omnibox
Vaults:2: ebering_ghost_rock_garden, nicolae_vaults_closet_pinwheel_1,
          v_misc_28, vaults_room_fours, nicolae_vaults_closet_pinwheel_4,
          nicolae_vaults_storage_closets_2, vaults_dpeg_ring,
          nicolae_vaults_meeting, nicolae_vaults_surprise_closet,
          nicolae_vaults_little_squares_3, layout_vaults_omnicross,
          nicolae_trove_entry_diagonal
Vaults:3: v_alt_pattern_3, grunt_vaults_swirl, vaults_dpeg_cross,
          minmay_crypt_entry_necro_gods, nicolae_vaults_apartment_2,
          grunt_vaults_diagonal, nicolae_vaults_yaktaur_gun_rack,
          nicolae_vaults_house_2, nicolae_vaults_more_shelving_1,
          nicolae_vaults_tetromino_L_1, nicolae_vaults_apartment_1,
          nicolae_vaults_tangram_1, nicolae_vaults_storage_closets_1,
          nicolae_vaults_trapezoid_1, v_misc_11, layout_vaults_maze_snakey,
          serial_shops, shop, uniq_frederick
Vaults:4: ontoclasm_vaults_hangar, hangedman_vaults_trim,
          vaults_standard_mumra_x, ontoclasm_vaults_ligature,
          nicolae_vaults_trapezoid_2, nicolae_vaults_rhombus_6,
          nicolae_vaults_little_squares_6, layout_vaults_quadrants
Vaults:5: uniq_jory
Depths:1: layout_gridville, hangedman_abyss_entry_splay, hell_entry,
          makhleb_altar_promises_db, grunt_megastairs_4
Depths:2: minmay_glassy_protrusions, layout_basic, enter_ziggurat_c,
          grunt_hell_horde, rand_demon_pan_entry_8, fedhas_altar_2,
          minmay_multi_spiral, infiniplex_staircase_zigzag_5
Depths:3: minmay_dotted_concentric_squares, layout_gridville, hell_entry,
          minmay_curled_crystal, abyss_entry, uniq_boris, uniq_margery
Depths:4: grunt_zot_entry_tricorne, layout_basic, serial_shops,
          bzr_entry_lakeside, chequers_serial_rivers_micro_d, pf_coc_iceberg,
          guppyfry_shop_blood, serial_bayou_shore_b
Zot:1:    layout_gridville
Zot:2:    layout_misc_corridors, uniq_tiamat
Zot:3:    regret_index_zot_pan_timeshare, layout_gridlike, skrybe_zot_glass_3
Zot:4:    layout_misc_corridors
Zot:5:    layout_gridlike, st_stairs_8, nicolae_shop_clearance

Skill      XL: |  1  2  3  4  5  6  7  8  9 10 11 12 13 14 15 16 17 18 19 20 21 22 23 24 25 26 27 |
---------------+----------------------------------------------------------------------------------+-----
Stealth        | 2 3 4 5 6 8 10 15 16 17 | 17.0
Translocations | 1 2 3 |  3.0
Fighting       | 3 4 5 6 7 8 10 11 13 16 | 16.0
Conjurations   | 4 5 6 8 9 10 11 12 13 14 16 18 19 20 21 22 | 22.0
Spellcasting   | 3 4 5 6 7 8 9 10 11 12 13 14 15 16 18 | 18.0
Ice Magic      | 4 7 8 9 10 12 13 14 15 16 | 16.0
Polearms       | 2 |  2.0
Air Magic      | 3 6 7 9 10 11 12 15 17 18 19 20 22 24 | 24.0
Shields        | 5 8 10 11 12 13 14 17 18 | 18.0
Dodging        | 4 5 7 8 10 13 14 16 | 16.0
Evocations     | 2 3 |  3.0
Summonings     | 5 9 |  9.0
Short Blades   | |  3.0

Action                     |  1- 3 |  4- 6 |  7- 9 | 10-12 | 13-15 | 16-18 | 19-21 | 22-24 | 25-27 || total
---------------------------+-------+-------+-------+-------+-------+-------+-------+-------+-------++-------
  Melee: Hand axe          |    25 |       |       |       |       |       |       |       |       ||    25
         Short sword       |    42 |     1 |       |       |       |       |       |       |       ||    43
         Tentacles         |    16 |     3 |    32 |    48 |    19 |       |     3 |     1 |       ||   122
         Constrict         |    21 |     5 |    33 |    35 |    13 |     2 |     1 |       |       ||   110
         Punch             |     3 |       |     1 |     3 |     1 |       |       |       |       ||     8
         Trident           |       |    17 |   159 |   191 |    61 |     2 |       |       |       ||   430
         Staff             |       |       |       |       |    21 |     2 |     6 |     1 |       ||    30
         Unarmed           |       |       |       |       |       |     3 |       |       |       ||     3
   Fire: Sling             |     8 |    29 |       |       |       |       |       |       |       ||    37
  Throw: Dart              |     6 |       |    23 |    18 |       |       |       |       |       ||    47
         Boomerang         |       |       |       |       |     3 |       |       |       |       ||     3
   Cast: Momentum Strike   |     5 |    12 |    22 |    15 |     4 |       |       |       |       ||    58
         Hailstorm         |       |       |    48 |    50 |    10 |       |       |       |       ||   108
         Frozen Ramparts   |       |       |    18 |    39 |     5 |       |       |       |       ||    62
         Kiss of Death     |       |       |     1 |       |       |       |       |       |       ||     1
         Freezing Cloud    |       |       |       |    98 |   288 |     1 |     1 |       |       ||   388
         Arcjolt           |       |       |       |       |    89 |    19 |    13 |    16 |     5 ||   142
         Ozocubu's Refrige |       |       |       |       |    27 |   331 |   421 |   483 |    41 ||  1303
         Conjure Ball Ligh |       |       |       |       |    11 |    44 |    19 |    14 |       ||    88
         Spellforged Servi |       |       |       |       |       |       |     5 |       |       ||     5
         Maxwell's Capacit |       |       |       |       |       |       |    24 |   173 |    96 ||   293
         Chain Lightning   |       |       |       |       |       |       |       |       |   416 ||   416
  Evoke: Wand              |       |       |     1 |     1 |       |       |       |     1 |       ||     3
         Sack of spiders   |       |       |       |       |       |       |       |     1 |       ||     1
    Use: Scroll            |       |     1 |     9 |    11 |    13 |     6 |     9 |    11 |     5 ||    65
         Potion            |       |       |     4 |     1 |     2 |     3 |     1 |     6 |     9 ||    26
   Stab: Sleeping          |     7 |     2 |     5 |     2 |       |       |       |       |       ||    16
         Distracted        |       |       |       |     1 |     1 |       |       |       |       ||     2
 Armour: Skin              |    26 |     9 |    60 |    72 |    88 |   103 |    64 |   258 |   276 ||   956
  Dodge: Dodged            |    36 |    16 |   126 |   100 |    72 |    45 |    24 |   102 |    86 ||   607
  Block: Buckler           |       |       |       |    10 |       |       |       |       |       ||    10
         Kite shield       |       |       |       |       |    73 |    34 |    51 |   200 |   107 ||   465
